 Dungeon Crawl Stone Soup version 0.29-a0-824-gd827844252 (webtiles) character file.

Game seed: 11005802731392482801

28 Mesmaeker13 the Magician (level 3, -1/25 HPs)
             Began as a Djinni Fire Elementalist on July 10, 2022.
             Killed from afar by Natasha (7 damage)
             ... with a magic dart
             ... on level 2 of the Dungeon.
             The game lasted 00:02:03 (1754 turns).

Mesmaeker13 the Magician (Djinni Fire Elementalist) Turns: 1754, Time: 00:02:05

Health: -1/25      AC:  3    Str:  7    XL:     3   Next: 27%
Gold:   86         EV: 16    Int: 18    God:
                   SH:  0    Dex: 13

rFire   + + .      SeeInvis .   j - +0 hand axe
rCold   x . .      Faith    .   (no shield)
rNeg    . . .      Spirit   .   a - +0 robe
rPois   ∞          Reflect  .   (no helmet)
rElec   .          Harm     .   b - scarf {+Inv}
rCorr   .          Rampage  .   i - +0 pair of gloves
Will    .....                   (boots unavailable)
Stlth   ++........              (no amulet)
HPRegen 0.08/turn               c - +4 ring of evasion
MPRegen 0.00/turn               (no ring)

@: flying
A: sickness immunity, fire resistance 2, cold vulnerability 1, float, innate
caster, HP casting, extra vitality 1
a: Evoke Invisibility


You were on level 2 of the Dungeon.
You visited 1 branch of the dungeon, and saw 2 of its levels.

You collected 86 gold pieces.

Inventory:

Hand Weapons
 j - a +0 hand axe (weapon)
Armour
 a - a +0 robe (worn)
 b - a scarf of invisibility (worn)
 i - a +0 pair of gloves (worn)
Jewellery
 c - a +4 ring of evasion (left hand)
Scrolls
 d - a scroll of noise
 f - a scroll of identify
Potions
 g - 2 potions of flight {unknown}


   Skills:
 + Level 2.8 Dodging
 - Level 1.5 Stealth
 * Level 3.0 Spellcasting


You couldn't memorise any spells.
You knew the following spells:

 Your Spells              Type           Power      Damage    Failure   Level
a - Foxfire               Conj/Fire      52%        2x1d6     4%          1
b - Scorch                Fire           26%        2d6       7%          2
c - Conjure Flame         Conj/Fire      13%        6-21      14%         3
d - Inner Flame           Hex/Fire       13%        N/A       14%         3
e - Flame Wave            Conj/Fire      13%        2d6       41%         4
f - Magic Dart            Conj           52%        1d5       4%          1
Your spell library was empty.

Dungeon Overview and Level Annotations

Branches:
Dungeon (2/15)

Altars:

Annotations:
D:2 Natasha, Robin


Innate Abilities, Weirdness & Mutations

You are immune to sickness and miasma.
You are immune to poison.
Your flesh is very heat resistant. (rF++)
You are vulnerable to cold. (rC-)
You float through the air rather than walking.
You learn spells naturally, not from books.
Your magical power is your life essence.
You have superior vitality. (+4 MHP)


Message History

You closely miss the goblin. You hit the quokka but do no damage.
You hit the goblin.
You kill the goblin!
You barely miss Natasha.
The goblin no longer looks unusually strong.
Your bat hits Robin.
The quokka bites you but does no damage.
The goblin hits you with a +0 club.
Robin roars a battlecry!
The goblins go into a battle-frenzy!
Natasha claws you.
* * * LOW HITPOINT WARNING * * *
The quokka misses you.
Unknown command.
The goblin attacks as you move away! The goblin hits you with a +0 dagger.
* * * LOW HITPOINT WARNING * * *
The goblin no longer looks unusually strong.
Your bat closely misses Robin.
The goblin closely misses you. Natasha misses you.
The shadow imp hits you but does no damage.
The quokka closely misses you. The goblin attacks as you move away!
The goblin completely misses you.
The goblin no longer looks unusually strong.
Your bat hits Robin but does no damage.
A sling bullet appears from out of your range of vision.
The sling bullet closely misses your bat.
The goblin hits you but does no damage.
Found 11 gold pieces.
Your bat closely misses Robin.
Your bat hits the quokka but does no damage.
Robin says, "My goblins will feast on your bones."
Robin roars a battlecry!
The goblins go into a battle-frenzy!
The goblin attacks as you move away! The goblin closely misses you.
Natasha attacks as you move away! Natasha misses you.
Your bat closely misses Robin.
Your bat barely misses Robin.
Robin roars a battlecry!
Natasha extends her claws.
Natasha stares at you and mumbles some strange words.
The magic dart hits you!
You die...

*,.................# **,,,,,
*,...............".#####,,,,,
*,..............b..'...#*,,,,
*,.............g...#**,**,>,,
**#########......).# *,**,,,,
#.....g$.....# *,,,,,,,
#.....5hgr..## ***,,,,,
#......gg...# *,,,,,
#.....@.....# *,,,,,
#...........# *,,,,,
#...........#*****,,,,,
#.............,,,*,,,,,
#..<.......[...,,******
#..............,,*
#.........$....,,*
##############****


You could see Robin (strong, ally target), Natasha, a shadow imp (summoned), a
quokka, 4 goblins and a friendly bat (summoned).

Vanquished Creatures
  A worm (D:2)
  A dart slug (D:2)
  2 ball pythons
  An endoplasm (D:1)
  2 giant cockroaches
  5 goblins
  2 hobgoblins
  A quokka (D:1)
  3 bats
  3 rats (D:1)
21 creatures vanquished.

Vanquished Creatures (others)
  63 foxfires
63 creatures vanquished.

Grand Total: 84 creatures vanquished

Notes
Turn   | Place    | Note
-------+----------+-------------------------------------------
     0 | D:1      | Mesmaeker13 the Djinni Fire Elementalist began the quest
                  | for the Orb.
     0 | D:1      | Mesmaeker13 set off with the following spells memorised:
                  | Foxfire, Scorch, Conjure Flame, Inner Flame, Flame Wave.
     0 | D:1      | Reached XP level 1. HP: 15/15 MP: 0/0
   486 | D:1      | Reached XP level 2. HP: 15/21 MP: 0/0
   925 | D:1      | Found a faded altar of an unknown god.
  1453 | D:2      | Noticed Robin
  1454 | D:2      | Reached XP level 3. HP: 23/25 MP: 0/0
  1454 | D:2      | Learned a level 1 spell: Magic Dart
  1469 | D:1      | Reached skill level 3 in Spellcasting
  1725 | D:2      | Noticed Natasha
  1745 | D:2      | Identified a scroll of acquirement
  1745 | D:2      | Acquired the amulet "Xoinn" {Faith rElec rN+}
  1754 | D:2      | Killed from afar by Natasha

Illustrated notes

Levels and vault maps discovered:
D:1:      kilobyte_arrival_exit_the_forest, layout_basic,
          hellmonk_ecumenical_altar_pennies_from_heaven
D:2:      layout_basic, uniq_natasha, uniq_robin

Skill      XL: |  1  2  3 |
---------------+----------+-----
Spellcasting   | 3 |  3.0
Dodging        | |  2.8
Stealth        | |  1.5

Action                   || total
-------------------------++-------
Melee: Hand axe          ||     2
 Cast: Foxfire           ||    38
  Use: Scroll            ||     5
Armor: Robe              ||    16
Dodge: Dodged            ||    42

Table legend: (Time is in decaauts)
 A = Elapsed time spent in this place.
 B = Non-inter-level travel time spent in this place.
 C = Inter-level travel time spent in this place.
 D = Time resting spent in this place.
 E = Time spent auto-exploring this place.
 F = Levels seen in this place.
 G = Mean time per level.
                   A        B        C        D        E       F      G
               +--------+--------+--------+--------+--------+-----+--------+
         Total |   1753 |   1644 |    109 |    188 |   1255 |   2 |  876.5 |
       Dungeon |   1753 |   1644 |    109 |    188 |   1255 |   2 |  876.5 |
               +--------+--------+--------+--------+--------+-----+--------+

Top non-repeatable levels by time:
     D:1: 1464 daAuts
     D:2: 289 daAuts
